 Dungeon Crawl Stone Soup version 0.16.1-51-g6203257 (webtiles) character file.

284707 aliceinspace the Warrior (level 19, -52/175 (179) HPs)
             Began as a Red Draconian Fighter on July 26, 2015.
             Was the Champion of Okawaru.
             Killed by Shatter
             ... invoked by Jorgrun
              (74 damage)
             ... on level 1 of the Vaults.
             The game lasted 04:29:24 (48109 turns).

aliceinspace the Warrior (Red Draconian Fighter)   Turns: 48109, Time: 04:29:24

HP:   -52/175 (179) AC: 20    Str: 33    XL:     19   Next: 79%
MP:   0/24          EV:  2    Int:  9    God:    Okawaru [******]
Gold: 3382          SH:  0    Dex: 12    Spells: 0 memorised, 18 levels left

rFire  + . .     SeeInvis +     r - +6 trident "Axtidul" {pierce, Str+8}
rCold  . . .     Clarity  .     (armour unavailable)
rNeg   + + +     SustAb   .     c - +1 shield
rPois  ∞         Gourm    .     J - +1 hat
rElec  .         Spirit   +     U - +2 cloak {rPois}
rCorr  .         Warding  .     b - +2 pair of gloves
rMut   .         Stasis   .     D - +2 pair of boots {Fly}
MR     +....                    O - amulet of guardian spirit
Stlth  +++.......               Y - ring of see invisible
                                i - +6 ring of evasion

@: petrified, flying, studying Fighting, somewhat resistant to hostile
enchantments, fairly stealthy
A: breathe fire, unfitting armour, talons 1, fire resistance 1, sense
surroundings 1, cold-blooded, AC +10
a: Breathe Fire, Heroism, Finesse, Renounce Religion, Stop Flying
}: 2/15 runes: decaying, serpentine


You were on level 1 of the Vaults.
You worshipped Okawaru.
Okawaru was exalted by your worship.
You were not hungry.

You visited 8 branches of the dungeon, and saw 40 of its levels.
You also visited: Ossuary, Bailey and Volcano.

You collected 3773 gold pieces.
You spent 391 gold pieces at shops.

Inventory:

Hand weapons
 j - a +1 demon trident of venom
 r - the +6 trident "Axtidul" (weapon) {pierce, Str+8}
   (Okawaru gifted it to you on level 1 of the Vaults)

   It inflicts extra damage upon your enemies.
   It affects your strength (+8).
 B - a +5 demon trident of draining
 G - a +2 spear of flaming
Missiles
 N - 8 tomahawks (quivered)
 Q - 6 silver tomahawks
 T - 2 silver javelins
 V - 8 poisoned tomahawks
 W - 5 javelins
Armour
 b - a +2 pair of gloves (worn)
 c - a +1 shield (worn)
 C - a +0 pair of boots of running
 D - a +2 pair of boots of flying (worn)
 J - a +1 hat (worn)
 U - a +2 cloak of poison resistance (worn)
Jewellery
 i - a +6 ring of evasion (left hand)
 I - an uncursed ring of invisibility
 O - an amulet of guardian spirit (around neck)
 X - an uncursed ring of stealth
 Y - a ring of see invisible (right hand)
Magical devices
 s - a wand of fire (0)
 z - a wand of flame (42)
 R - a wand of fire (11)
Scrolls
 a - 4 scrolls of blinking
 g - 7 scrolls of identify
 l - a scroll of fog
 n - 5 scrolls of remove curse
 u - a scroll of amnesia
 E - 9 scrolls of teleportation
 S - 8 scrolls of fear
Potions
 e - 3 potions of might
 o - 16 potions of curing
 q - a potion of heal wounds
 L - 3 potions of lignification
 M - a potion of cancellation
Books
 m - a manual of Fighting
Comestibles
 d - a beef jerky
 f - 19 bread rations
 h - a slice of pizza
 k - 17 chunks of flesh
 p - 18 meat rations
 t - 2 poisonous chunks of flesh
 v - 26 fruits


   Skills:
 + Level 18.2 Fighting
 + Level 17.1 Polearms
 + Level 9.7 Throwing
 + Level 17.0 Dodging
 + Level 7.3 Stealth
 + Level 14.4 Shields
 + Level 2.0 Invocations
 + Level 3.2 Evocations


You had 18 spell levels left.
You didn't know any spells.

Dungeon Overview and Level Annotations

Branches:
Dungeon (15/15)            Temple (1/1) D:6            Lair (8/8) D:11
  Swamp (5/5) Lair:4        Snake (5/5) Lair:6        Slime (0/6) Lair:6
    Orc (4/4) D:11            Elf (0/3) Orc:3        Vaults (1/5) D:13
 Depths (1/5) D:15

Altars:
Ashenzari
Cheibriados
Dithmenos
Elyvilon
Fedhas
Gozag
Kikubaaqudgha
Makhleb
Nemelex Xobeh
Okawaru
Qazlal
Ru
Sif Muna
Trog
Vehumet
Xom
Yredelemnul
Zin
The Shining One
Beogh

Shops:
D:4 %   D:10 }   D:12 ?   D:14 !   Orc:2 :   Orc:4 [*(=

Annotations:
Swamp:4 Kirke
Vaults:1 Jorgrun


Innate Abilities, Weirdness & Mutations

You can breathe blasts of fire.
Your fiery red scales are hard (AC +10).
Your body does not fit into most forms of armour.
Your flesh is heat resistant.
Your cold-blooded metabolism reacts poorly to cold.
You have sharp toenails.
You passively map a small area around you.


Message History

The dungeon rumbles around Jorgrun!
You shudder from the earth-shattering force.
A door shatters! x5
Ka-crash!
Your limbs are stiffening.
Jorgrun hits you but does no damage.
You have turned to stone.
The great orb of eyes bites you! Jorgrun hits you with a staff of earth!
The great orb of eyes bites you! Jorgrun hits you but does no damage.
The great orb of eyes bites you but does no damage.
Jorgrun mumbles some strange words.
The dungeon rumbles around Jorgrun!
You shudder from the earth-shattering force.
* * * LOW HITPOINT WARNING * * *
Ka-crash!
You hear a shout!
The great orb of eyes bites you but does no damage.
Jorgrun casts a spell.
The dungeon rumbles around Jorgrun!
The great orb of eyes dies!
You shudder from the earth-shattering force.
You die...

, #..# . , +..# ...# , ,
#..# ,..... , #..#, .....
, * , #..# ...# .. ,
######..###..##...
...............# ,
#...(....(.g...#
#+####..#.@.### , ,
,,#..#.....# ###### +
,,#..#.....# #.....
#..#.....# #..... ,
#........########.....
#..#............#.....
########..##.#......'.....
#..........###......'.....
* #..........#
#......###'##


You could see Jorgrun.

Vanquished Creatures
  A bone dragon (Swamp:5)
  Nikola (Snake:3)
  Asterion (Snake:1)
  Agnes (Swamp:5)
  Frances (D:15)
  Maud (Lair:6)
  3 greater nagas (Snake:5)
  A vault warden (Vaults:1)
  Aizul (Snake:1)
  An orc warlord (Orc:4)
  An ironheart preserver (Vaults:1)
  A dire elephant (D:15)
  Snorg (Swamp:5)
  A fire dragon (D:11)
  4 vault guards (D:13)
  2 yaktaur captains (Vaults:1)
  The ghost of CcS the Thaumaturge, a powerful DEFE of Vehumet (Lair:4)
  Fannar (D:12)
  Harold (Lair:8)
  23 naga warriors
  4 catoblepae
  Nessos (Swamp:2)
  7 ghost crabs
  7 alligators
  11 hydras
  9 anacondas
  An ogre mage (Vaults:1)
  4 centaur warriors
  23 death yaks
  A tengu warrior (D:15)
  18 naga sharpshooters
  An orc high priest (Orc:3)
  A fire crab (Lair:6)
  Nergalle (D:14)
  4 shock serpents
  2 salamander mystics
  A sun demon (Snake:5)
  2 deep elf knights
  A giant orange brain (D:15)
  13 sea snakes
  5 swamp dragons
  10 hill giants
  2 deep trolls
  3 spectral hydras (Swamp:5)
  6 naga ritualists
  A shambling mangrove (Swamp:4)
  An ice statue (Snake:5)
  2 spriggan druids
  2 ironbrand convokers (Vaults:1)
  5 lindwurms
  An unseen horror (D:15)
  15 mana vipers
  2 phantasmal warriors (Swamp:5)
  The ghost of CcS the Ducker, an experienced SpIE of Kikubaaqudgha (D:8)
  2 wolf spiders
  2 oklob plants
  5 orc sorcerers
  21 slime creatures
  A lindwurm (shapeshifter) (D:15)
  5 orc knights
  6 ugly things
  5 griffons
  6 cyclopes
  4 salamanders
  40 black mambas
  A sixfirhy (D:15)
  Maurice (D:10)
  5 guardian serpents
  Joseph (D:8)
  12 elephants
  10 spiny frogs
  An orange demon (Snake:5)
  12 naga magi
  2 gargoyles (D:12)
  A yaktaur (Vaults:1)
  5 swamp worm zombies (Swamp:5)
  3 kobold demonologists
  A queen bee (Lair:3)
  6 fire drakes
  3 elves (shapeshifter) (D:15)
  The ghost of SevInf the Digger, an experienced GrEE (D:6)
  A tengu conjurer (D:15)
  5 trolls
  3 hydra zombies (Swamp:5)
  3 giant leeches
  A harpy zombie (D:15)
  8 komodo dragons
  A two-headed ogre (D:11)
  A wind drake (shapeshifter) (D:15)
  2 boulder beetles (Lair:6)
  A jumping spider (shapeshifter) (Vaults:1)
  7 ravens
  A blink frog (shapeshifter) (D:15)
  A trapdoor spider zombie (D:12)
  10 bog bodies
  2 alligator zombies (Swamp:5)
  A spectral swamp dragon (Swamp:5)
  8 blink frogs
  4 basilisks
  A vampire (D:15)
  3 humans
  A wraith (D:14)
  60 yaks
  4 wyverns
  4 spriggans
  A trapdoor spider (D:13)
  A water elemental (D:15)
  2 deep elf magi
  5 hogs
  5 hungry ghosts
  A fire bat (Volcano)
  5 shadows
  Eustachio (D:10)
  19 vampire mosquitoes
  A deep elf fighter (Volcano)
  2 wargs
  12 hippogriffs
  2 steam dragons
  4 wolves (Lair:6)
  4 insubstantial wisps (Swamp:5)
  A spectral spiny frog (Swamp:3)
  68 nagas
  7 porcupines
  27 swamp worms
  51 water moccasins
  A hell hound (Volcano)
  9 phantoms
  2 ice beasts
  38 orc warriors
  An eye of draining (D:11)
  4 sky beasts
  4 black bears
  4 wasps
  A hornet simulacrum (Vaults:1)
  9 swamp drakes
  A swamp drake (shapeshifter) (D:15)
  The ghost of aliceinspace the Shield-Bearer, an average DrFi (D:3)
  4 swamp dragon zombies (Swamp:5)
  A boring beetle (Lair:8)
  A boring beetle (shapeshifter) (Vaults:1)
  21 centaurs
  15 ogres
  Duvessa (D:5)
  20 crocodiles
  25 giant frogs
  4 big kobolds
  A brain worm (D:13)
  2 elf skeletons (D:4)
  A wyvern skeleton (D:11)
  2 scorpions
  A wight (D:13)
  41 killer bees
  7 electric eels
  Dowan (D:5)
  7 crimson imps
  A quasit (D:10)
  6 centaur skeletons
  2 centaur zombies
  35 orc priests
  A goliath beetle (D:7)
  5 giant frog skeletons
  6 hounds
  41 orc wizards
  6 jellies
  2 spectral swamp drakes (Swamp:5)
  14 iguanas
  5 worker ants
  2 killer bee zombies
  22 sheep
  A big kobold zombie (Ossuary)
  A sky beast zombie (D:9)
  Jessica (D:2)
  2 hound zombies
  5 mummies
  A spectral halfling (Swamp:4)
  A worker ant zombie (D:6)
  32 adders
  4 gnolls
  66 river rats
  5 shadow imps
  2 swamp drake zombies (Swamp:5)
  4 giant mites
  3 worms
  3 adder skeletons
  7 giant geckos
  An ooze (D:3)
  176 orcs
  20 bats
  2 bat skeletons (D:5)
  5 giant cockroaches
  21 goblins
  13 hobgoblins
  11 jackals
  2 giant spores (D:11)
  A gnoll zombie (Ossuary)
  2 goblin zombies (Ossuary)
  A jackal zombie (D:8)
  23 kobolds
  A kobold zombie (Ossuary)
  3 orc skeletons (D:4)
  3 orc zombies
  11 quokkas
  15 rats
  6 ballistomycetes
  2 bushes (Lair:1)
  6 plants
1571 creatures vanquished.

Vanquished Creatures (collateral kills)
  A hydra (Lair:6)
  A komodo dragon (Lair:8)
2 creatures vanquished.

Vanquished Creatures (others)
  A great orb of eyes (Vaults:1)
  A guardian serpent (Snake:4)
  3 insubstantial wisps (Swamp:5)
  A naga (Snake:5)
  A porcupine (Lair:6)
  A water moccasin (Swamp:5)
  A spider (Lair:8)
  An iguana (Lair:6)
  2 orc wizards
  A giant mite (Lair:8)
  2 orcs (D:9)
  A giant spore (D:9)
  A ballistomycete (D:11)
  21 fungi
  24 plants
  11 toadstools (Lair:1)
73 creatures vanquished.

Grand Total: 1646 creatures vanquished

Notes
Turn   | Place    | Note
--------------------------------------------------------------
     0 | D:1      | aliceinspace, the Draconian Fighter, began the quest for the Orb.
     0 | D:1      | Reached XP level 1. HP: 19/19 MP: 1/1
    82 | D:1      | Reached XP level 2. HP: 19/26 MP: 2/2
   748 | D:1      | You fall through a shaft!
   799 | D:2      | Reached XP level 3. HP: 31/31 MP: 3/3
  1215 | D:2      | Noticed Jessica
  1235 | D:2      | Killed Jessica
  1266 | D:2      | Found a stormy altar of Qazlal.
  1320 | D:2      | Reached XP level 4. HP: 38/38 MP: 4/4
  1734 | D:3      | Noticed aliceinspace's ghost (average DrFi)
  1940 | D:3      | Gained mutation: You expend magic power (3 MP) to slightly strengthen your wands. [potion of mutation]
  1940 | D:3      | Gained mutation: You tend to lose your temper in combat. [potion of mutation]
  1940 | D:3      | Lost mutation: You expend magic power (3 MP) to slightly strengthen your wands. [potion of mutation]
  2003 | D:3      | Reached skill level 1 in Throwing
  2003 | D:3      | Reached XP level 5. HP: 39/46 MP: 5/5
  2258 | D:3      | Reached skill level 4 in Dodging
  2816 | D:3      | Killed aliceinspace's ghost
  2816 | D:3      | Reached XP level 6. HP: 35/52 MP: 6/6
  2993 | D:4      | Reached skill level 5 in Dodging
  2993 | D:4      | Reached skill level 1 in Evocations
  2993 | D:4      | Your scales start taking on a fiery red colour.
  2993 | D:4      | Gained mutation: Your flesh is heat resistant. [draconian maturity]
  2993 | D:4      | Reached XP level 7. HP: 58/60 MP: 6/8
  3061 | D:4      | Found Kaed's Food Boutique.
  3462 | D:4      | Reached skill level 1 in Stealth
  3464 | D:4      | Found a sand-covered staircase.
  3496 | Ossuary  | Entered an ossuary
  3591 | Ossuary  | Reached skill level 5 in Fighting
  3656 | Ossuary  | Gained mutation: You have sharp toenails. [potion of mutation]
  3656 | Ossuary  | Gained mutation: You have difficulty communicating with the divine. [potion of mutation]
  4022 | D:4      | Reached XP level 8. HP: 68/68 MP: 9/9
  4210 | D:5      | Entered Level 5 of the Dungeon
  4482 | D:5      | Reached skill level 6 in Dodging
  4580 | D:5      | Noticed Duvessa
  4581 | D:5      | Noticed Dowan
  4617 | D:5      | Killed Duvessa
  4617 | D:5      | Reached skill level 5 in Shields
  4640 | D:5      | Killed Dowan
  5339 | D:6      | Reached skill level 5 in Polearms
  5658 | D:6      | Gained mutation: You occasionally shout uncontrollably at your foes. [potion of mutation]
  5658 | D:6      | Gained mutation: You are agile. (Dex +2) [potion of mutation]
  5658 | D:6      | Gained mutation: You are covered in fur (AC +1). [potion of mutation]
  5777 | D:6      | Found a staircase to the Ecumenical Temple.
  5783 | Temple   | Entered the Ecumenical Temple
  5884 | D:6      | Reached skill level 7 in Dodging
  5884 | D:6      | Reached XP level 9. HP: 75/75 MP: 10/10
  6221 | D:6      | Noticed SevInf's ghost (experienced GrEE)
  6243 | D:6      | Killed SevInf's ghost
  6560 | D:7      | Found a deep blue altar of Sif Muna.
  6720 | D:7      | Found a shadowy altar of Dithmenos.
  7356 | D:8      | Noticed CcS's ghost (experienced SpIE)
  7476 | D:8      | Reached skill level 8 in Dodging
  7631 | D:8      | Killed CcS's ghost
  7631 | D:8      | Reached XP level 10. HP: 53/86 MP: 12/12
  8328 | D:8      | Found an iron altar of Okawaru.
  8377 | D:8      | Became a worshipper of Warmaster Okawaru
  8458 | D:8      | Noticed Joseph
  8482 | D:8      | Killed Joseph
  8956 | D:9      | Reached skill level 9 in Dodging
  9053 | D:9      | Found a burning altar of Makhleb.
  9210 | D:9      | Found an opulent altar of Gozag.
  9249 | D:9      | Found a snail-covered altar of Cheibriados.
  9301 | D:9      | Found a sacrificial altar of Ru.
  9679 | D:9      | Found a white marble altar of Elyvilon.
  9876 | D:10     | Entered Level 10 of the Dungeon
  9982 | D:10     | Noticed Eustachio
 10013 | D:9      | Acquired Okawaru's first power
 10059 | D:10     | Killed Eustachio
 10111 | D:10     | Identified a scroll of acquirement
 10121 | D:10     | Noticed a hill giant
 10135 | D:10     | Killed a hill giant
 10151 | D:10     | Found Phaocus' Gadget Shoppe.
 10151 | D:10     | Noticed a hill giant
 10157 | D:10     | Killed a hill giant
 10183 | D:10     | Noticed a hill giant
 10195 | D:10     | Reached XP level 11. HP: 86/93 MP: 13/13
 10207 | D:10     | Killed a hill giant
 10207 | D:10     | Reached skill level 10 in Dodging
 10329 | D:10     | Noticed a hill giant
 10331 | D:10     | Noticed Maurice
 10339 | D:10     | Killed a hill giant
 10349 | D:10     | Killed Maurice
 10898 | D:11     | Found a staircase to the Orcish Mines.
 11305 | D:11     | Noticed a fire dragon
 11328 | D:11     | Killed a fire dragon
 11706 | D:11     | Found a staircase to the Lair.
 11811 | Lair:1   | Entered Level 1 of the Lair of Beasts
 12140 | Lair:1   | Noticed a seven-headed hydra
 12144 | Lair:1   | Killed a seven-headed hydra
 12316 | Lair:1   | Found a blossoming altar of Fedhas.
 12559 | Lair:1   | Reached XP level 12. HP: 89/103 MP: 12/15
 13295 | Lair:2   | Reached skill level 11 in Dodging
 13733 | Lair:2   | Reached skill level 10 in Polearms
 14450 | Lair:3   | Found a dark tunnel.
 14455 | Volcano  | Entered a volcano
 15286 | Lair:4   | Received a gift from Okawaru
 15335 | Lair:4   | Found a staircase to the Swamp.
 15381 | Lair:4   | Noticed CcS's ghost (powerful DEFE)
 15411 | Lair:4   | Killed CcS's ghost
 15411 | Lair:4   | Acquired Okawaru's second power
 15438 | Lair:4   | Received a gift from Okawaru
 15978 | Lair:4   | Reached skill level 12 in Dodging
 16088 | Lair:4   | Noticed a seven-headed hydra
 16095 | Lair:4   | Killed a seven-headed hydra
 16389 | Lair:5   | Reached skill level 5 in Stealth
 16435 | Lair:5   | Reached XP level 13. HP: 112/112 MP: 17/17
 16493 | Lair:5   | Reached skill level 10 in Shields
 16843 | Lair:5   | Received a gift from Okawaru
 17043 | Lair:5   | Reached skill level 5 in Throwing
 17607 | Lair:6   | Found a staircase to the Snake Pit.
 17639 | Lair:6   | Reached skill level 10 in Fighting
 18107 | Lair:6   | Noticed Maud
 18141 | Lair:6   | Killed Maud
 18322 | Lair:6   | Found a staircase to the Slime Pits.
 19766 | Lair:8   | Entered Level 8 of the Lair of Beasts
 19790 | Lair:8   | Found a deep blue altar of Sif Muna.
 20161 | Lair:8   | Reached skill level 13 in Dodging
 20261 | Lair:8   | Noticed Harold
 20361 | Lair:7   | Received a gift from Okawaru
 20445 | Lair:7   | Reached XP level 14. HP: 92/122 MP: 18/18
 22025 | Lair:8   | Killed Harold
 22038 | Lair:8   | Lost mutation: You are agile. (Dex +2) [potion of cure mutation]
 22038 | Lair:8   | Lost mutation: You have difficulty communicating with the divine. [potion of cure mutation]
 22038 | Lair:8   | Lost mutation: You occasionally shout uncontrollably at your foes. [potion of cure mutation]
 22038 | Lair:8   | Lost mutation: You tend to lose your temper in combat. [potion of cure mutation]
 22038 | Lair:8   | Lost mutation: You are covered in fur (AC +1). [potion of cure mutation]
 22800 | Lair:8   | Received a gift from Okawaru
 23398 | Lair:8   | Got a twisted cloak
 23400 | Lair:8   | Identified the +1 cloak of Devotion {Int+4 Dex+6 Stlth+} (You found it on level 8 of the Lair of Beasts)
 23623 | Orc:1    | Entered Level 1 of the Orcish Mines
 23858 | Orc:2    | Received a gift from Okawaru
 24581 | Orc:3    | Found a staircase to the Elven Halls.
 24621 | Orc:3    | Found a flagged portal.
 24632 | Bailey   | Entered a bailey
 25054 | Bailey   | Got a crystal bardiche
 25059 | Bailey   | Identified the +8 bardiche "Froefi" {chop, *Rage +Rage rC- MP+9 Str+3} (You found it in a bailey)
 25691 | Orc:4    | Entered Level 4 of the Orcish Mines
 25836 | Orc:4    | Reached XP level 15. HP: 93/132 MP: 15/19
 26391 | Orc:4    | Noticed an orc warlord
 26420 | Orc:4    | Killed an orc warlord
 26531 | Orc:4    | Found a roughly hewn altar of Beogh.
 26546 | Orc:4    | Received a gift from Okawaru
 26573 | Orc:4    | Identified a +0 pair of boots of running (Okawaru gifted it to you on level 4 of the Orcish Mines)
 26600 | Orc:4    | Found Oczaics' General Store.
 26635 | Orc:4    | Found Breptuucs' Antique Armour Shoppe.
 26655 | Orc:4    | Found Lukoink's Jewellery Shoppe.
 26672 | Orc:4    | Found Pruolof's Antique Weapon Shoppe.
 26730 | Orc:4    | Paralysed by an orc sorcerer for 6 turns
 27473 | Orc:3    | Reached skill level 14 in Dodging
 27748 | Orc:2    | Found Shrerphuyl's Book Shop.
 27888 | D:12     | Noticed Fannar
 27908 | D:12     | Killed Fannar
 27967 | D:12     | Found Soraclo's Magic Scroll Shop.
 27977 | D:12     | Bought a scroll of vulnerability for 97 gold pieces
 28665 | D:12     | Found a deep blue altar of Sif Muna.
 28887 | D:13     | Found a gate to the Vaults.
 30435 | D:14     | Found Faushek's Distillery.
 30448 | D:14     | Bought a potion of heal wounds for 70 gold pieces
 30448 | D:14     | Bought a potion of curing for 42 gold pieces
 30448 | D:14     | Bought a potion of heal wounds for 70 gold pieces
 30448 | D:14     | Bought a potion of heal wounds for 70 gold pieces
 30448 | D:14     | Bought a potion of curing for 42 gold pieces
 30481 | D:14     | Noticed Nergalle
 30524 | D:14     | Killed Nergalle
 30572 | D:14     | Found a roughly hewn altar of Beogh.
 30845 | D:15     | Entered Level 15 of the Dungeon
 31023 | D:15     | Received a gift from Okawaru
 31146 | D:15     | Noticed Frances
 31178 | D:15     | Killed Frances
 31213 | D:15     | Found a staircase to the Depths.
 31239 | D:15     | Received a gift from Okawaru
 31298 | D:15     | Found a glowing golden altar of the Shining One.
 31492 | D:15     | Received a gift from Okawaru
 31504 | D:15     | Reached XP level 16. HP: 102/145 MP: 16/20
 32201 | Snake:1  | Entered Level 1 of the Snake Pit
 32265 | Snake:1  | Received a gift from Okawaru
 32431 | Snake:1  | Noticed Aizul
 32624 | Snake:1  | Killed Aizul
 33184 | Snake:1  | Found a glowing silver altar of Zin.
 33187 | Snake:1  | Noticed Asterion
 33217 | Snake:1  | Killed Asterion
 34235 | Snake:2  | Reached skill level 15 in Dodging
 34327 | Snake:2  | Reached skill level 15 in Polearms
 34454 | Snake:2  | Received a gift from Okawaru
 35208 | Snake:2  | Reached skill level 15 in Fighting
 35510 | Snake:3  | Noticed Nikola
 35535 | Snake:3  | Killed Nikola
 37298 | Snake:4  | Reached XP level 17. HP: 106/156 MP: 16/21
 37550 | Snake:4  | Received a gift from Okawaru
 37830 | Snake:4  | Received a gift from Okawaru
 38200 | Snake:5  | Entered Level 5 of the Snake Pit
 38475 | Snake:5  | Received a gift from Okawaru
 38581 | Snake:5  | Reached skill level 16 in Fighting
 40769 | Snake:5  | Got a serpentine rune of Zot
 40818 | Snake:5  | Received a gift from Okawaru
 41036 | Lair:2   | Gained mutation: You passively map a small area around you. [potion of beneficial mutation]
 41120 | Swamp:1  | Entered Level 1 of the Swamp
 41732 | Swamp:2  | Noticed Nessos
 41746 | Swamp:2  | Killed Nessos
 41746 | Swamp:2  | Reached XP level 18. HP: 157/168 MP: 19/22
 41985 | Swamp:2  | Reached skill level 17 in Fighting
 43204 | Swamp:4  | Received a gift from Okawaru
 43228 | Swamp:4  | Noticed Kirke
 43719 | Swamp:4  | Reached XP level 19. HP: 118/177 MP: 22/24
 43879 | Swamp:4  | Got a pair of distressingly furry boots
 44197 | Lair:2   | Identified the +1 pair of boots of Grace {rPois Regen+ MP+9} (You found it on level 4 of the Swamp)
 44814 | Swamp:5  | Entered Level 5 of the Swamp
 44876 | Swamp:5  | Noticed Agnes
 44890 | Swamp:5  | Killed Agnes
 44924 | Swamp:5  | Noticed Snorg
 44935 | Swamp:5  | Killed Snorg
 45661 | Swamp:5  | Received a gift from Okawaru
 45792 | Swamp:5  | Noticed a bone dragon
 46385 | Swamp:5  | Killed a bone dragon
 46385 | Swamp:5  | Reached skill level 18 in Fighting
 46696 | Swamp:5  | Got a decaying rune of Zot
 47209 | Depths:1 | Entered Level 1 of the Depths
 47369 | Vaults:1 | Entered Level 1 of the Vaults
 47835 | Vaults:1 | Received a gift from Okawaru
 47841 | Vaults:1 | Got a pitted trident {god gift}
 47842 | Vaults:1 | Identified the +6 trident "Axtidul" {pierce, Str+8} (Okawaru gifted it to you on level 1 of the Vaults)
 48089 | Vaults:1 | Noticed Jorgrun
 48109 | Vaults:1 | Killed from afar by Jorgrun

Action                   |  1- 3 |  4- 6 |  7- 9 | 10-12 | 13-15 | 16-18 | 19-21 || total
-------------------------+-------+-------+-------+-------+-------+-------+-------++-------
Melee: Trident           |   122 |   218 |   551 |   347 |       |       |    60 ||  1298
       Demon trident     |       |       |       |   833 |  2210 |  1669 |   628 ||  5340
       Unarmed           |       |       |       |       |       |    12 |       ||    12
Throw: Stone             |    24 |    60 |    67 |    82 |    38 |       |       ||   271
       Tomahawk          |       |       |       |    18 |   189 |   313 |    17 ||   537
       Javelin           |       |       |       |       |    46 |    70 |     2 ||   118
Invok: Heroism           |       |       |       |     1 |     1 |       |       ||     2
 Abil: Breathe Fire      |       |       |     8 |    43 |    54 |    52 |    14 ||   171
       Evoke Flight      |       |       |       |       |       |     1 |       ||     1
Evoke: Wand              |       |     9 |       |    12 |     7 |     5 |       ||    33
       Sack of spiders   |       |       |       |       |     1 |       |       ||     1
  Use: Scroll            |       |     8 |    13 |    21 |    17 |    14 |     3 ||    76
       Potion            |       |     4 |     8 |     3 |     3 |    13 |       ||    31
 Stab: Sleeping          |       |       |     7 |     8 |    20 |    15 |     4 ||    54
       Distracted        |       |       |     3 |     4 |     2 |     4 |     1 ||    14
  Eat: Chunk             |     1 |     5 |    20 |    29 |    65 |    48 |    10 ||   178
       Beef jerky        |       |       |     1 |       |       |       |       ||     1
       Bread ration      |       |       |       |     3 |       |       |       ||     3
       Fruit             |       |       |       |     5 |     1 |     3 |     8 ||    17
